 Dungeon Crawl Stone Soup version 0.26.1-11-gd32895ea62 (webtiles) character file.

Game seed: 15408488887221659022

165020 alexmat1498 the Severer (level 17, -40/95 HPs)
             Began as a Gargoyle Fighter on May 20, 2021.
             Was the Champion of Hepliaklqana.
             Annihilated by an azure jelly (63 damage)
             ... on level 1 of the Pits of Slime on May 31, 2021.
             The game lasted 02:05:03 (41377 turns).

alexmat1498 the Severer (Gargoyle Fighter)         Turns: 41377, Time: 02:05:04

Health: -40/95     AC: 31    Str: 30      XL:     17   Next: 87%
Magic:  24/24      EV: 14    Int: 20 (21) God:    Hepliaklqana [******]
Gold:   550        SH:  0    Dex:  3 (6)  Spells: 16/16 levels left

rFire    . . .     SeeInvis .   a - +8 war axe of Dustreuck {protect, *Noise Int+9 Dex-5 Stlth+}
rCold    x . .     Faith    .   N - +3 kite shield {reflect}
rNeg     + . .     Spirit   .   Z - +1 storm dragon scales
rPois    ∞         Reflect  +   f - +1 helmet of Lethargy {rElec rC- Str+6 Int+3}
rElec    +         Harm     .   Y - scarf {repulsion}
rCorr    .         Rampage  .   M - +1 pair of gloves {Dex+3}
Will     +....                  h - +1 pair of boots
Stlth    ..........             t - amulet of reflection
HPRegen  0.25/turn              b - +4 ring of protection
MPRegen  0.19/turn              X - +4 ring of evasion

@: confused, corroded, protection aura, studying Polearms, repel missiles
A: reduced essence, big wings, clumsy 1, deterioration 1, dopey 1, negative
energy resistance 1, screaming 1, electricity resistance, unbreathing,
petrification resistance, miasma immunity, subdued magic 1, AC +12
a: Fly, Renounce Religion, Recall Ancestor, Ancestor Identity, Transference,
Idealise


You were on level 1 of the Pits of Slime.
You worshipped Hepliaklqana.
Hepliaklqana was exalted by your worship.
You visited 6 branches of the dungeon, and saw 26 of its levels.
You also visited: Gauntlet and Ice Cave.

You collected 2584 gold pieces.
You spent 2034 gold pieces at shops.

Inventory:

Hand Weapons
 a - the +8 war axe of Dustreuck (weapon) {protect, *Noise Int+9 Dex-5 Stlth+}
   (You found it in an ice cave)

   It grants its wielder temporary protection when it strikes (+7 to AC).
   It affects your intelligence (+9).
   It affects your dexterity (-5).
   It may make noises in combat.
   It makes you more stealthy.
 E - a +5 hunting sling
 U - a +7 war axe of flaming
Missiles
 v - 12 sling bullets
Armour
 f - the +1 helmet of Lethargy (worn) {rElec rC- Str+6 Int+3}
   (You found it in a Gauntlet)

   It affects your strength (+6).
   It affects your intelligence (+3).
   It makes you vulnerable to cold.
   It insulates you from electricity.
 h - a +1 pair of boots (worn)
 r - a scarf of resistance
 K - a +3 chain mail of cold resistance
 M - a +1 pair of gloves of dexterity (worn)
 N - a +3 kite shield of reflection (worn)
 P - the +4 scale mail of an ossuary {*Drain rN+ Int+4}
   (You found it on level 12 of the Dungeon)

   It affects your intelligence (+4).
   It protects you from negative energy.
   It causes draining when unequipped.
 T - +0 steam dragon scales
 Y - a scarf of repulsion (worn)
 Z - +1 storm dragon scales (worn)
Jewellery
 b - a +4 ring of protection (left hand)
 j - a +6 ring of intelligence
 t - an amulet of reflection (around neck)
 C - an uncursed ring of see invisible
 G - an uncursed ring of protection from fire
 R - an uncursed ring of willpower
 S - an uncursed ring of positive energy
 X - a +4 ring of evasion (right hand)
Wands
 c - a wand of iceblast (15) (quivered)
 g - a wand of disintegration (12)
 n - a wand of flame (53)
 x - a wand of polymorph (29)
 z - a wand of paralysis (14)
 A - a wand of acid (11)
 O - a wand of digging (3)
Scrolls
 e - 4 scrolls of blinking
 i - a scroll of summoning
 q - 10 scrolls of remove curse
 s - 3 scrolls of fog
 w - 14 scrolls of teleportation
 y - 7 scrolls of identify
 F - 2 scrolls of magic mapping
 J - 3 scrolls of amnesia
 V - 3 scrolls of fear
Potions
 d - 5 potions of might
 k - 3 potions of curing
 l - 3 potions of flight
 m - 3 potions of berserk rage
 o - 4 potions of lignification
 p - 7 potions of brilliance
 u - 4 potions of magic
 B - 6 potions of attraction
 D - 4 potions of mutation
 I - a potion of heal wounds
 L - 5 potions of haste
 Q - 3 potions of resistance
 W - a potion of cancellation
Books
 H - a manual of Polearms


   Skills:
 * Level 11.8 Fighting
 * Level 15.7 Axes
 + Level 1.2(11.4) Maces & Flails
 + Level 1.7(10.7) Polearms
 * Level 8.7 Slings
 + Level 1.1(5.5) Throwing
 * Level 11.7 Armour
 * Level 8.0 Dodging
 + Level 6.6 Stealth
 * Level 15.0 Shields
 * Level 10.0 Invocations


You had 16 spell levels left.
You didn't know any spells.
Your spell library contained the following spells:

 Spells                   Type           Power        Failure   Level
 Animate Skeleton         Necr           0%           52%         1
 Apportation              Tloc           0%           52%         1
 Beastly Appendage        Tmut           0%           52%         1
 Corona                   Hex            0%           52%         1
 Magic Dart               Conj           0%           52%         1
 Shock                    Conj/Air       0%           52%         1
 Sting                    Tmut/Pois      0%           52%         1
 Summon Small Mammal      Summ           0%           52%         1
 Call Imp                 Summ           0%           67%         2
 Poisonous Vapours        Pois/Air       0%           67%         2
 Searing Ray              Conj           0%           67%         2
 Slow                     Hex            0%           67%         2
 Swiftness                Air            0%           67%         2
 Wereblood                Tmut           0%           67%         2
 Call Canine Familiar     Summ           0%           89%         3
 Confusing Touch          Hex            0%           89%         3
 Dazzling Flash           Conj/Hex       0%           89%         3
 Gell's Gravitas          Tloc           0%           89%         3
 Ignite Poison            Fire/Tmut/Pois 0%           89%         3
 Inner Flame              Hex/Fire       0%           89%         3
 Mephitic Cloud           Conj/Pois/Air  0%           89%         3
 Portal Projectile        Hex/Tloc       0%           89%         3
 Spider Form              Tmut/Pois      0%           89%         3
 Static Discharge         Conj/Air       0%           89%         3
 Summon Guardian Golem    Hex/Summ       0%           89%         3
 Airstrike                Air            0%           100%        4
 Cause Fear               Hex            0%           100%        4
 Fulminant Prism          Conj/Hex       0%           100%        4
 Ice Form                 Ice/Tmut       0%           100%        4
 Iskenderun's Mystic Bla  Conj/Tloc      0%           100%        4
 Leda's Liquefaction      Hex/Erth       0%           100%        4
 Olgreb's Toxic Radiance  Pois           0%           100%        4
 Petrify                  Tmut/Erth      0%           100%        4
 Summon Ice Beast         Ice/Summ       0%           100%        4
 Summon Lightning Spire   Summ/Air       0%           100%        4
 Blade Hands              Tmut           0%           100%        5
 Fireball                 Conj/Fire      0%           100%        5
 Lightning Bolt           Conj/Air       0%           100%        5
 Metabolic Englaciation   Hex/Ice        0%           100%        5
 Yara's Violent Unravell  Hex/Tmut       0%           100%        5
 Freezing Cloud           Conj/Ice/Air   0%           100%        6
 Ozocubu's Refrigeration  Ice            0%           100%        6
 Simulacrum               Ice/Necr       0%           100%        6
 Starburst                Conj/Fire      0%           100%        6
 Ignition                 Fire           0%           100%        8


Dungeon Overview and Level Annotations

Branches:
Dungeon (15/15)            Temple (1/1) D:4            Lair (6/6) D:9
 Shoals (0/4) Lair:3        Snake (0/4) Lair:2        Slime (1/5) Lair:6
    Orc (2/2) D:11            Elf (1/3) Orc:2        Vaults (0/5) D:14
 Depths (0/5) D:15          IceCv (visited)         Gauntlet (visited)

Altars:
Ashenzari
Cheibriados
Dithmenos
Elyvilon
Fedhas
Gozag
Hepliaklqana
Kikubaaqudgha
Makhleb
Nemelex Xobeh
Okawaru
Qazlal
Ru
Sif Muna
Trog
Uskayaw
Vehumet
Wu Jian
Xom
Yredelemnul
Zin
The Shining One
Beogh

Shops:
D:5 (   D:15 [   Orc:2 [*?=[

Annotations:
Lair:6 1 runed translucent door, Olive's ghost, journeyman SpVM


Innate Abilities, Weirdness & Mutations

You are resistant to torment.
Your stone body is resilient. (AC +12)
You are immune to poison.
Your large and strong wings let you fly indefinitely.
You resist negative energy. (rN+)
You are resistant to electric shocks. (rElec)
You can survive without breathing.
You are immune to petrification.
You are immune to miasma.
Your life essence is reduced to manifest your ancestor. (-10% HP)
You are clumsy. (Dex -2)
Your body sometimes deteriorates upon taking damage.
You are dopey. (Int -2)
You occasionally shout uncontrollably at your foes.
Your spells are a little easier to cast, but a little less powerful.


Message History

You feel better. You block the azure jelly's attack.
The azure jelly hits you but does no damage.
You block the azure jelly's attack. x2
The golden eye blinks at you. You resist with almost no effort.
The acid blob misses you. The acid blob spits acid at you.
The splash of acid hits you but does no damage.
The acid corrodes you!
You are splashed with acid!
* * * LOW HITPOINT WARNING * * *
The azure jelly hits you but does no damage. x2
You block the azure jelly's attack.
The azure jelly hits you but does no damage.
You feel better. The golden eye blinks at you.
You are confused.
The azure jelly hits you.
* * * LOW HITPOINT WARNING * * *
The azure jelly freezes you!!!
You feel a terrible chill!
Ouch! That really hurt!
You die...

#...... ......
#...... ....#....
#....###G.......
#....##.........
#...............
##....#.........
##..GJ.§..#......
#..GJJJ..........
##..@JJ..<.......
#..GJ.>..>......
#...............
#.............#.
#...............
#................
#................
#.......#........


You could see 2 acid blobs, 2 azure jellies, 3 slime creatures, a shining eye
and 3 golden eyes.

Vanquished Creatures
  A cacodemon (Gauntlet)
  A deep elf demonologist (Elf:1)
  A death ooze (Gauntlet)
  An ettin (D:14)
  Snorg (Lair:6)
  Josephine (D:11)
  6 boulder beetles
  8 vault guards (D:14)
  3 catoblepae
  5 hydras
  3 centaur warriors
  7 two-headed ogres
  A tengu warrior (D:14)
  26 death yaks
  7 orc high priests (Orc:2)
  Sonja (Lair:2)
  An unseen horror (D:10)
  2 wizards
  2 lindwurms (Lair:6)
  2 manticores
  14 ugly things
  2 cyclopes
  An orc knight (D:14)
  4 oklob plants (Lair:6)
  2 orc sorcerers (Orc:2)
  11 deep elf magi
  A wolf spider zombie (D:14)
  A salamander (D:15)
  13 elephants
  7 black mambas
  5 torpor snails (Lair:6)
  2 ice statues (IceCv)
  Psyche (D:10)
  A gargoyle (D:12)
  2 centaur zombies (D:13)
  A minotaur zombie (Gauntlet)
  A molten gargoyle (Lair:5)
  15 cane toads
  4 rime drakes
  3 centaur skeletons
  Maggie (D:10)
  10 komodo dragons
  10 polar bears
  6 trolls
  5 hornets (Lair:6)
  3 tyrant leeches (Lair:6)
  4 raiju (Lair:6)
  19 blink frogs
  8 dream sheep
  5 slime creatures
  Sigmund (D:2)
  2 shadows
  5 wraiths
  4 wyverns
  A fire elemental (Lair:5)
  45 yaks
  4 basilisks
  A golden eye (Slime:1)
  2 steam dragons
  2 neqoxecs (Gauntlet)
  12 wargs
  A soldier ant (D:15)
  2 nagas (Lair:2)
  13 hell hounds (Lair:6)
  14 water moccasins
  23 orc warriors
  A sky beast (D:9)
  An ice beast (shapeshifter) (D:15)
  An eye of draining (D:13)
  2 phantoms
  14 ogres
  8 ice beasts
  10 black bears
  23 wolves
  12 centaurs
  2 necrophages
  2 big kobolds
  20 bullfrogs
  2 gnoll sergeants
  A wyvern skeleton (D:11)
  3 scorpions
  11 killer bees
  10 wights
  A howler monkey (D:7)
  An electric eel (D:15)
  A vampire bat (D:8)
  A quasit (D:14)
  7 hounds
  A gnoll shaman (Orc:2)
  6 jellies
  35 orc priests
  18 orc wizards
  2 bullfrog skeletons
  3 iguanas
  8 worker ants
  A killer bee zombie (D:6)
  2 hound zombies
  2 hound skeletons (D:9)
  A worker ant zombie (D:9)
  11 gnolls
  A howler monkey skeleton (D:4)
  3 adders
  8 shadow imps
  4 white imps
  4 ufetubi
  An ooze (D:1)
  An adder zombie (D:5)
  2 adder skeletons
  4 worms
  A dart slug (D:1)
  2 leopard geckos
  70 orcs
  A bat skeleton (D:8)
  4 bat zombies (D:8)
  A giant cockroach (D:6)
  7 hobgoblins
  10 jackals
  3 quokkas
  2 ball pythons
  6 bats
  3 frilled lizards (D:1)
  11 goblins
  9 kobolds
  9 rats
765 creatures vanquished.

Vanquished Creatures (collateral kills)
  A minotaur (Gauntlet)
  A fire dragon (Lair:6)
  5 hydras
  A centaur warrior (D:14)
  2 catoblepae
  A dancing weapon (Elf:1)
  5 death yaks
  An orc high priest (Orc:2)
  Nergalle (D:10)
  Urug (D:10)
  An unseen horror (D:15)
  A lindwurm (Lair:6)
  4 ugly things
  An orc sorcerer (Orc:1)
  2 elephants
  2 black mambas
  An ice statue (IceCv)
  3 cane toads
  A centaur skeleton (D:14)
  2 komodo dragons
  3 trolls
  A merfolk (D:15)
  A polar bear (Lair:6)
  Grinder (D:5)
  Prince Ribbit (D:6)
  A hornet (Lair:6)
  6 blink frogs
  A dream sheep (Lair:6)
  A wyvern (D:8)
  11 yaks
  A wraith (D:12)
  A warg (Lair:6)
  A naga (Lair:2)
  4 water moccasins
  3 ice beasts
  2 orc warriors (Orc:1)
  A sky beast (D:10)
  2 black bears (Lair:6)
  A phantom (D:6)
  4 ogres
  2 centaurs
  5 wolves
  Blork the orc (D:5)
  3 big kobolds (D:11)
  A bullfrog (D:11)
  A gnoll sergeant (D:11)
  A water moccasin skeleton (D:4)
  2 wights
  3 killer bees
  A hound (D:9)
  7 orc priests
  5 orc wizards
  2 bullfrog skeletons
  3 worker ants
  A howler monkey skeleton (D:8)
  5 gnolls
  An adder (D:6)
  2 white imps
  20 orcs
  2 bat zombies (D:8)
  A jackal (D:9)
  A quokka (D:6)
  5 kobolds (D:8)
159 creatures vanquished.

Vanquished Creatures (others)
  A komodo dragon (Lair:6)
  36 hexers
  2 ancestors
  3 bushes
  45 fungi
  129 plants
216 creatures vanquished.

Grand Total: 1140 creatures vanquished

Notes
Turn   | Place    | Note
-------+----------+-------------------------------------------
     0 | D:1      | alexmat1498 the Gargoyle Fighter began the quest for the
                  | Orb.
     0 | D:1      | Reached XP level 1. HP: 14/14 MP: 1/1
   123 | D:1      | Reached XP level 2. HP: 19/19 MP: 2/2
   368 | D:1      | Reached XP level 3. HP: 17/23 MP: 3/3
  1375 | D:2      | Noticed Sigmund
  1901 | D:2      | Reached XP level 4. HP: 29/29 MP: 4/4
  2034 | D:2      | Killed Sigmund
  2035 | D:2      | Reached skill level 1 in Dodging
  2035 | D:2      | Reached XP level 5. HP: 25/33 MP: 5/5
  2035 | D:2      | Reached XP level 6. HP: 29/38 MP: 6/6
  2177 | D:3      | Found a radiant altar of Vehumet.
  2291 | D:3      | Found a hazy altar of Hepliaklqana.
  2291 | D:3      | Found a glowing silver altar of Zin.
  2295 | D:3      | Became a worshipper of Hepliaklqana the Forgotten
  3025 | D:4      | Reached * piety under Hepliaklqana
  3119 | D:4      | Found a staircase to the Ecumenical Temple.
  3133 | Temple   | Entered the Ecumenical Temple
  3684 | D:5      | Entered Level 5 of the Dungeon
  3894 | D:5      | Noticed Grinder
  3900 | D:5      | Paralysed by Grinder for 3 turns
  3903 | D:5      | Killed Grinder
  3904 | D:5      | Reached skill level 1 in Stealth
  3904 | D:5      | Reached XP level 7. HP: 33/39 MP: 7/7
  4014 | D:5      | Found Fopiq's Weapon Shoppe.
  4029 | D:5      | Noticed Blork the orc
  4041 | D:5      | Killed Blork the orc
  4093 | D:5      | Reached skill level 5 in Axes
  4093 | D:5      | Reached skill level 5 in Armour
  4469 | D:6      | Noticed Prince Ribbit
  4596 | D:6      | Reached XP level 8. HP: 43/43 MP: 8/8
  4622 | D:6      | Reached skill level 5 in Shields
  4688 | D:6      | Reached ** piety under Hepliaklqana
  4692 | D:6      | Remembered your ancestor Mettia as a hexer
  4952 | D:6      | Killed Prince Ribbit
  4971 | D:6      | Reached skill level 5 in Fighting
  5201 | D:6      | Found a stormy altar of Qazlal.
  5781 | D:7      | Reached XP level 9. HP: 35/48 MP: 9/9
  6547 | D:7      | Found an ornate altar of the Wu Jian Council.
  7838 | D:8      | Noticed a two-headed ogre
  7848 | D:8      | Killed a two-headed ogre
  7849 | D:8      | Reached skill level 1 in Slings
  8038 | D:8      | Reached XP level 10. HP: 54/54 MP: 10/10
  8225 | D:8      | Found a bloodstained altar of Trog.
  8436 | D:8      | Found an ancient bone altar of Kikubaaqudgha.
  8616 | D:9      | Reached skill level 1 in Invocations
  9048 | D:9      | Found a staircase to the Lair.
  9266 | D:9      | Found a shadowy altar of Dithmenos.
  9337 | D:9      | Reached *** piety under Hepliaklqana
  9478 | Lair:1   | Entered Level 1 of the Lair of Beasts
  9538 | Lair:1   | Noticed a cane toad
  9549 | Lair:1   | Killed a cane toad
  9776 | Lair:1   | Reached XP level 11. HP: 57/59 MP: 11/13
 10318 | Lair:1   | Noticed a catoblepas
 10364 | D:10     | Entered Level 10 of the Dungeon
 10366 | D:10     | Noticed Urug
 10383 | D:9      | Reached skill level 10 in Axes
 10580 | D:10     | Noticed Nergalle
 10592 | D:10     | Killed Nergalle
 10633 | D:10     | Noticed Psyche
 10642 | D:10     | Killed Psyche
 10725 | D:10     | Killed an unseen horror
 11143 | D:10     | Reached **** piety under Hepliaklqana
 11357 | D:10     | Noticed a five-headed hydra
 11642 | D:10     | Noticed Maggie
 11651 | D:10     | Killed Maggie
 11664 | D:10     | Killed Urug
 11685 | D:10     | Killed a one-headed hydra
 11686 | D:10     | Reached skill level 10 in Shields
 11991 | D:11     | Found a staircase to the Orcish Mines.
 12053 | D:11     | Reached XP level 12. HP: 47/64 MP: 15/15
 12196 | Orc:1    | Entered Level 1 of the Orcish Mines
 12299 | Orc:1    | Paralysed by an orc sorcerer for 4 turns
 12948 | Orc:1    | Reached ***** piety under Hepliaklqana
 13480 | D:11     | Reached skill level 5 in Invocations
 13683 | D:11     | Noticed a two-headed ogre
 13691 | D:11     | Killed a two-headed ogre
 13885 | D:11     | Noticed a two-headed ogre
 13894 | D:11     | Killed a two-headed ogre
 14093 | D:12     | Found a gate leading to a gauntlet.
 14110 | Gauntlet | Entered a Gauntlet
 14110 | Gauntlet | Found a transporter.
 14110 | Gauntlet | Found a runed translucent gate.
 14110 | Gauntlet | Found a transporter.
 14112 | Gauntlet | Found a runed translucent gate.
 14128 | Gauntlet | Found a transporter.
 14140 | Gauntlet | Found a transporter.
 14140 | Gauntlet | Found a transporter.
 14140 | Gauntlet | Found a runed translucent gate.
 14141 | Gauntlet | Found a transporter.
 14142 | Gauntlet | Noticed a death ooze
 14144 | Gauntlet | Found a transporter.
 14146 | Gauntlet | Found a transporter.
 14148 | Gauntlet | Noticed a death yak
 14148 | Gauntlet | Noticed a death yak
 14151 | Gauntlet | Noticed a death yak
 14152 | Gauntlet | Noticed a death yak
 14154 | Gauntlet | Noticed a death yak
 14158 | Gauntlet | Found a transporter.
 14171 | Gauntlet | Noticed a cacodemon
 14174 | Gauntlet | Found a transporter.
 14184 | Gauntlet | Found a transporter.
 14198 | Gauntlet | Found a transporter.
 14220 | Gauntlet | Found a transporter.
 14230 | Gauntlet | Noticed a death scarab
 14233 | Gauntlet | Found a transporter.
 14860 | Gauntlet | Killed a death ooze
 14861 | Gauntlet | Reached skill level 5 in Dodging
 14930 | Gauntlet | Reached skill level 1 in Maces & Flails
 14930 | Gauntlet | Reached skill level 1 in Polearms
 14930 | Gauntlet | Reached skill level 5 in Slings
 14930 | Gauntlet | Reached skill level 1 in Throwing
 14930 | Gauntlet | Reached XP level 13. HP: 71/71 MP: 17/17
 15011 | Gauntlet | Gained mutation: Your body sometimes deteriorates upon
                  | taking damage. [a neqoxec]
 15021 | Gauntlet | Gained mutation: Your spells are a little easier to cast,
                  | but a little less powerful. [a neqoxec]
 15023 | Gauntlet | Gained mutation: You occasionally shout uncontrollably at
                  | your foes. [a neqoxec]
 15025 | Gauntlet | Killed a cacodemon
 15025 | Gauntlet | Gained mutation: You are dopey. (Int -2) [a neqoxec]
 15029 | Gauntlet | Gained mutation: You are clumsy. (Dex -2) [a neqoxec]
 15065 | Gauntlet | Got a bloodstained helmet
 15089 | Gauntlet | Identified the +1 helmet of Lethargy {rElec rC- Str+6
                  | Int+3} (You found it in a Gauntlet)
 15216 | Gauntlet | Noticed a minotaur
 15235 | Gauntlet | Killed a minotaur
 15236 | Gauntlet | Gained mutation: Your large and strong wings let you fly
                  | indefinitely. [Gargoyle growth]
 15236 | Gauntlet | Reached XP level 14. HP: 54/75 MP: 18/18
 15779 | D:12     | Noticed Josephine
 15849 | D:11     | Killed Josephine
 15969 | D:12     | Got a fine scale mail
 15988 | D:12     | Identified the +4 scale mail of an ossuary {*Drain rN+
                  | Int+4} (You found it on level 12 of the Dungeon)
 16862 | Orc:2    | Entered Level 2 of the Orcish Mines
 18217 | Orc:2    | Found Fosah's General Store.
 18217 | Orc:2    | Found Ixtush's Antique Armour Emporium.
 18236 | Orc:2    | Bought a scroll of teleportation for 42 gold pieces
 18259 | Orc:2    | Found a roughly hewn altar of Beogh.
 18754 | Orc:2    | Found Ethyufet's Magic Scroll Boutique.
 19429 | Orc:2    | Paralysed by an orc sorcerer for 2 turns
 19839 | Orc:2    | Paralysed by an orc sorcerer for 5 turns
 20356 | Orc:2    | Found a staircase to the Elven Halls.
 20445 | Orc:2    | Found Oduok's Armour Shop.
 20445 | Orc:2    | Found Kaqef's Jewellery Emporium.
 20491 | Orc:2    | Bought a scroll of enchant armour for 120 gold pieces
 20491 | Orc:2    | Bought 3 scrolls of enchant weapon for 360 gold pieces
 20491 | Orc:2    | Bought a scroll of enchant armour for 120 gold pieces
 21003 | Elf:1    | Entered Level 1 of the Elven Halls
 21071 | Elf:1    | Noticed a deep elf demonologist
 21483 | Elf:1    | Noticed a Brimstone Fiend
 21486 | Elf:1    | Killed a deep elf demonologist
 21840 | Elf:1    | Noticed a deep elf elementalist
 22716 | D:13     | You fall into a shaft and drop 2 floors!
 22716 | D:15     | Entered Level 15 of the Dungeon
 22718 | D:15     | Found a broken altar of Ashenzari.
 22724 | D:15     | Reached XP level 15. HP: 75/81 MP: 20/20
 22780 | D:14     | Reached skill level 10 in Armour
 22928 | D:13     | Found a frozen archway.
 22970 | IceCv    | Entered an ice cave
 23006 | IceCv    | Got a translucent war axe
 25036 | D:13     | You fall into a shaft and drop 1 floor!
 25854 | D:14     | Identified the +8 war axe of Dustreuck {protect, *Noise
                  | Int+9 Dex-5 Stlth+} (You found it in an ice cave)
 25897 | D:14     | Found a sparkling altar of Nemelex Xobeh.
 26463 | D:14     | Reached skill level 10 in Fighting
 26943 | D:14     | Reached skill level 5 in Stealth
 26957 | D:14     | Found a gate to the Vaults.
 28101 | D:15     | Reached XP level 16. HP: 87/87 MP: 22/22
 28144 | D:15     | Found a staircase to the Depths.
 28194 | D:15     | Found Rado's Antique Armour Boutique.
 28369 | D:15     | Found a basalt altar of Yredelemnul.
 29660 | Lair:1   | Reached ****** piety under Hepliaklqana
 29964 | Lair:2   | Got an encrusted ring mail
 30044 | Lair:1   | Identified the +5 ring mail of Lifelessness {Rampage} (You
                  | found it on level 2 of the Lair of Beasts)
 30399 | Lair:2   | Noticed Sonja
 30405 | Lair:2   | Killed Sonja
 30677 | Lair:2   | Found a staircase to the Snake Pit.
 31852 | Lair:3   | Found a staircase to the Shoals.
 33248 | Lair:5   | Found a hide-covered altar of Uskayaw.
 33817 | Lair:5   | Reached skill level 15 in Axes
 33979 | Lair:5   | Reached XP level 17. HP: 82/93 MP: 24/24
 34594 | Lair:6   | Entered Level 6 of the Lair of Beasts
 34594 | Lair:6   | Found a runed translucent door.
 35313 | Lair:6   | Found a shimmering altar of Xom.
 35313 | Lair:6   | Noticed Olive's ghost (journeyman SpVM)
 35585 | Lair:6   | Found a runed translucent door.
 35648 | Lair:6   | Noticed Snorg
 35684 | Lair:6   | Killed Snorg
 36828 | Lair:6   | Reached skill level 15 in Shields
 37350 | Lair:6   | Reached skill level 10 in Invocations
 37482 | Lair:6   | Found a staircase to the Slime Pits.
 39092 | Orc:2    | Bought +1 storm dragon scales for 1392 gold pieces
 41357 | Slime:1  | Entered Level 1 of the Pits of Slime
 41359 | Slime:1  | Noticed an acid blob
 41360 | Slime:1  | Noticed an acid blob
 41377 | Slime:1  | Annihilated by an azure jelly

Illustrated notes

Levels and vault maps discovered:
D:1:      lightli_arrival_statue_moat, layout_loops_cross,
          corexii_hall_statues_l
D:2:      layout_basic, uniq_sigmund
D:3:      layout_rooms, gammafunk_temple_overflow_wave, vehumet_crystals,
          serial_rivers, chequers_serial_rivers_micro_e,
          chequers_serial_rivers_micro_d, chequers_serial_rivers_micro_b,
          chequers_serial_rivers_room_b, chequers_serial_rivers_micro_d
D:4:      layout_cave_pods, nicolae_overflow_hidden_temple,
          minmay_temple_entry_crystal_x
D:5:      layout_basic, serial_shops, shop, uniq_blork_the_orc, uniq_grinder
D:6:      layout_loops_ring, general_overflow_altar, uniq_prince_ribbit1
D:7:      layout_rooms, basic_altar, minmay_alternating_orb
D:8:      layout_cave_pools, kennysheep_vampire_church, chequers_mini_garden,
          trog_three_pillars_becter
D:9:      layout_rooms, lair_entry_dummy, nicolae_dithmenos_the_darkroom
D:10:     layout_long_grid, glass_columns_b, uniq_nergalle, uniq_psyche,
          uniq_maggie, uniq_urug
D:11:     layout_loops_corners, kennysheep_orc_monster_closet_entryway
D:12:     layout_basic, gauntlet_entry_generic, uniq_josephine
D:13:     layout_rooms, portal_ice_cave_rime, minmay_misc_feat_four_crosses
D:14:     layout_basic, erik_vaults_2, minmay_misc_feat_pillars,
          small_chamber_with_monster, nemelex_altar_shiori
D:15:     hangedman_depths_entry_try_elsewhere_first, layout_stronghold,
          nicolae_ashenzari_panopticon, serial_shops, shop, basic_altar,
          minivault_20, corexii_hall_statues_u, minivault_14
Temple:   eino_temple_rhombus
Lair:1:   layout_roguey
Lair:2:   layout_regular_city, guppyfry_snake_entry_garden, serial_bayou_pond_c,
          serial_bayou_shore_b, grunt_megastairs_2, uniq_sonja
Lair:3:   layout_big_grid, minmay_shoals_entry_centaurs, nzn_sisyphean_effort
Lair:4:   layout_regular_city
Lair:5:   nzn_winding_woodlands_stair_trap
          [nzn_winding_woodlands_5x15_concentric,
          nzn_winding_woodlands_5x15_sawtooth,
          nzn_winding_woodlands_5x15_pockets,
          nzn_winding_woodlands_15x15_eel_pit, nzn_winding_woodlands_5x15_cabin,
          nzn_winding_woodlands_5x15_eye,
          nzn_winding_woodlands_5x15_split_checker], layout_gridlike,
          basic_altar
Lair:6:   wormcave, layout_gridlike, hangedman_lair_caniforms_friends,
          minmay_slime_entry_oklob_enclosed, ebering_ghost_xom, uniq_snorg
Slime:1:  layout_caves
Orc:1:    layout_diamond_mine
Orc:2:    st_orc_town, layout_caves, serial_shops, shop_statue
Elf:1:    minmay_elf_arrival_summoners, layout_geoelf_grid, minivault_28,
          hex_medium

Skill      XL: |  1  2  3  4  5  6  7  8  9 10 11 12 13 14 15 16 17 |
---------------+----------------------------------------------------+-----
Axes           | 2 3 4 5 6 8 9 10 11 13 14 15 | 15.7
Fighting       | 4 5 6 7 8 9 10 11 | 11.8
Armour         | 4 5 6 7 8 9 10 11 | 11.7
Dodging        | 1 2 3 4 5 6 7 8 |  8.0
Shields        | 4 6 8 9 10 11 12 13 14 15 | 15.0
Stealth        | 1 2 4 5 6 |  6.6
Slings         | 1 2 4 5 6 7 8 |  8.7
Invocations    | 2 4 6 7 8 9 10 | 10.0
Maces & Flails | 1 |  1.2
Polearms       | 1 |  1.7
Throwing       | 1 |  1.1

Action                   |  1- 3 |  4- 6 |  7- 9 | 10-12 | 13-15 | 16-18 || total
-------------------------+-------+-------+-------+-------+-------+-------++-------
Melee: War axe           |   143 |    65 |   239 |   560 |   846 |   961 ||  2814
 Fire: Hunting sling     |       |       |       |    30 |     2 |    73 ||   105
Throw: Stone             |       |       |       |       |       |    14 ||    14
Invok: Recall Ancestor   |       |     1 |     1 |     2 |     8 |     3 ||    15
       Ancestor Life: He |       |       |     1 |       |       |       ||     1
  Use: Scroll            |     9 |     4 |     8 |    11 |     6 |    13 ||    51
       Potion            |       |       |       |     1 |     8 |     3 ||    12
 Stab: Distracted        |       |     1 |     4 |     9 |    10 |     9 ||    33
       Confused          |       |       |       |     4 |     8 |    12 ||    24
       Paralysed         |       |       |       |       |    18 |    39 ||    57
       Petrified         |       |       |       |       |       |    13 ||    13
       Petrifying        |       |       |       |       |       |     4 ||     4
Armor: Chain mail        |    96 |    22 |   114 |   246 |   174 |   376 ||  1028
       Scale mail        |     1 |       |       |       |   133 |       ||   134
       Storm dragon scal |       |       |       |       |       |    47 ||    47
Dodge: Dodged            |    30 |    13 |    57 |   124 |   254 |   345 ||   823
       Repelled          |       |       |       |       |       |    23 ||    23
Block: Kite shield       |    87 |    39 |   216 |   514 |   769 |   924 ||  2549
       Reflection        |       |     1 |     8 |    11 |    63 |    28 ||   111
